Penguins vs Ice Caps

Created - Sunday, November 16, 2014 at 01:57

Goals
1 2 3 OT1 T
Penguins 1 0 0 1 2
Ice Caps 0 1 0 0 1
Shots
1 2 3 OT1 T
Penguins 14 23 1 1 39
Ice Caps 9 2 7 0 18

1st period

1. Penguins , Tye McGinn 9 (Linden Vey) at 16:07

Penalties :
Linden Vey (WBS) for Hooking (Minor) at 5:49, J.C. Lipon (WBS) for Holding (Minor) at 18:54

2nd period

2. Ice Caps , Freddie Hamilton 7 (Oscar Klefbom) at 0:25 (PP)

Penalties :
Justin Vaive (WBS) for Roughing (Minor) at 1:55, Cody Beach (STJ) for Hooking (Minor) at 8:05, Seth Helgeson (STJ) for Hooking (Minor) at 10:57

3rd period

No Goal

Penalties :
Freddie Hamilton (STJ) for Hooking (Minor) at 5:03, Hunter Bishop (WBS) for Hooking (Minor) at 17:37

Overtime #1

3. Penguins , Cody Ceci 1 (Tye McGinn) at 0:14

Penalties :
No Penalty

Goalie Stats

Keith Kinkaid (WBS), 17 saves from 18 shots - (0.944), W, 14-0-3, 60:14 minutes
Nathan Lieuwen (STJ), 37 saves from 39 shots - (0.949), OTL, 4-2-5, 60:14 minutes

Players Stats for Penguins

Player Name              G  A  P  +/- PIM S  H  SB GA TA FO     MP     PP MP  PK MP  
------------------------------------------------------------------------------------
Andrej Sustr             0  0  0   1  0   2  1  3  4  2  0/0    24:56   2:49   4:20 
Carson McMillan          0  0  0   0  0   2  1  0  0  1  3/8    13:28   0:00   0:53 
Charles Sarault          0  0  0   0  0   0  2  0  0  0  2/3    15:52   0:00   5:19 
Chris Huxley             0  0  0   1  0   0  0  2  2  5  0/0    19:24   0:00   4:20 
Cody Ceci                1  0  1   1  0   4  1  3  1  1  0/0    20:25   2:49   0:00 
Curtis McKenzie          0  0  0   1  0   1  3  0  1  0  1/1    14:08   3:21   0:00 
Dan Biega                0  0  0   0  0   6  0  1  0  0  0/0    20:25   3:08   3:08 
Dustin Gazley            0  0  0   0  0   2  1  0  0  0  0/1    12:26   0:00   0:00 
Hunter Bishop            0  0  0   0  2   2  1  0  0  2  1/1    10:43   0:00   0:00 
J.C. Lipon               0  0  0   0  2   2  4  0  2  0  1/1    14:53   2:36   0:00 
Jeff Schultz             0  0  0   0  0   7  1  2  1  4  0/0    20:25   3:08   3:08 
Justin Vaive             0  0  0   0  2   0  1  1  1  0  0/0    12:36   0:00   0:00 
Linden Vey               0  1  1   2  2   0  0  0  2  0  7/13   18:44   3:21   4:03 
Mark McNeill             0  0  0   0  0   3  2  2  4  1  5/9    17:48   2:36   2:32 
Matt Konan               0  0  0   1  0   0  0  0  0  0  0/0    14:53   0:00   0:00 
Philippe Cornet          0  0  0   0  0   4  1  0  0  1  0/0    17:34   2:36   2:09 
Trevor Parkes            0  0  0   0  0   1  0  0  1  0  0/0    10:22   0:00   0:00 
Tye McGinn               1  1  2   2  0   3  1  0  4  0  0/0    14:22   3:21   0:00 

Players Stats for Ice Caps

Player Name              G  A  P  +/- PIM S  H  SB GA TA FO     MP     PP MP  PK MP  
------------------------------------------------------------------------------------
Brandon Davidson         0  0  0   0  0   0  0  1  0  0  0/0    18:46   2:43   1:27 
Cody Beach               0  0  0  -1  2   0  2  0  2  1  0/0    13:09   0:34   0:00 
Colin Smith              0  0  0   0  0   2  0  0  2  1  7/8    16:19   3:55   0:00 
Corey Cowick             0  0  0   0  0   1  1  2  1  0  2/2    19:29   3:55   1:28 
Daniil Tarasov           0  0  0   0  0   3  2  0  4  1  0/1    17:44   3:33   1:17 
Freddie Hamilton         1  0  1   0  2   2  3  1  6  1  0/0    17:27   2:59   0:39 
Garret Ross              0  0  0  -1  0   0  0  0  0  1  2/4    18:44   3:33   3:12 
Greg McKegg              0  0  0  -1  0   2  0  0  1  1  2/8    22:00   3:24   2:13 
Joel Edmundson           0  0  0   0  0   0  0  3  1  0  0/0    15:30   0:00   0:00 
Klas Dahlbeck            0  0  0  -1  0   0  1  0  0  1  0/0    21:37   4:45   4:30 
Luke Witkowski           0  0  0  -1  0   1  0  0  0  0  0/0     5:24   0:00   0:00 
Michael Schumacher       0  0  0  -1  0   2  1  2  1  2  0/0    13:36   0:22   0:00 
Oscar Klefbom            0  1  1  -2  0   2  1  0  3  3  0/0    24:38   4:45   4:30 
Riley Wetmore            0  0  0   0  0   1  1  0  1  2  1/6    11:40   0:00   2:34 
Rylan Schwartz           0  0  0  -1  0   1  2  0  1  0  3/8    15:15   0:09   0:31 
Scott Mayfield           0  0  0   0  0   1  1  1  0  0  0/0    18:46   2:43   1:27 
Seth Helgeson            0  0  0   0  2   0  0  0  1  2  0/0    16:50   0:00   0:00 
Travis Ewanyk            0  0  0   0  0   0  0  0  0  0  0/0     8:02   0:00   0:00 

3 Stars

1 - Tye McGinn (WBS)
2 - Cody Ceci (WBS)
3 - Nathan Lieuwen (STJ)

Power Play

Penguins - 0 on 3 Attempt(s) - 0.00%
Ice Caps - 1 on 4 Attempt(s) - 25.00%

Penalty Kill

Penguins - 3 on 4 Attempt(s) - 75.00% - Score 0 goal in Penalty Kill
Ice Caps - 3 on 3 Attempt(s) - 100.00% - Score 0 goal in Penalty Kill

Official

Referees : Unknown
Linesman : Unknown

Game Notes

No Game Note

Finance

Level 1 -- Attendance: 1449 (72.45%) -- Ticket Income $50,715
Level 2 -- Attendance: 806 (80.60%) -- Ticket Income $12,090
Total Attendance: 2255 (75.17%)
Total Ticket Income: $62,805
Other Income: $30,774
Total Income: $93,579

Penguins

5 vs 5 Forward 
   Center                   Left Wing                Right Wing               Time % Phy DF OF 
 1 Linden Vey               Tye McGinn               Curtis McKenzie          35     0   0  5  
 2 Mark McNeill             Philippe Cornet          J.C. Lipon               30     0   1  4  
 3 Carson McMillan          Justin Vaive             Dustin Gazley            22     1   3  1  
 4 Charles Sarault          Hunter Bishop            Trevor Parkes            13     3   2  0  

5 vs 5 Defense 
   Defense                  Defense                                           Time % Phy DF OF 
 1 Andrej Sustr             Cody Ceci                                         35     0   1  4  
 2 Jeff Schultz             Dan Biega                                         30     0   3  2  
 3 Matt Konan               Chris Huxley                                      22     1   4  0  
 4 Andrej Sustr             Cody Ceci                                         13     1   3  1  

PowerPlay Forward 
   Center                   Left Wing                Right Wing               Time % Phy DF OF 
 1 Linden Vey               Tye McGinn               Curtis McKenzie          60     0   0  5  
 2 Mark McNeill             Philippe Cornet          J.C. Lipon               40     0   0  5  

PowerPlay Defense
   Defense                  Defense                                           Time % Phy DF OF 
 1 Andrej Sustr             Cody Ceci                                         60     0   1  4  
 2 Jeff Schultz             Dan Biega                                         40     0   1  4  

Penalty Kill 4 Players Forward 
   Center                   Wing                     Time % Phy DF OF 
 1 Linden Vey               Charles Sarault          60     0   5  0  
 2 Mark McNeill             Philippe Cornet          40     0   5  0  

Penalty Kill 4 Players Defense
   Defense                  Defense                  Time % Phy DF OF 
 1 Andrej Sustr             Chris Huxley             60     0   5  0  
 2 Jeff Schultz             Dan Biega                40     0   5  0  

Penalty Kill - 3 Players Forward 
   Forward                                           Time % Phy DF OF 
 1 Linden Vey                                        60     0   5  0  
 2 Mark McNeill                                      40     0   5  0  

Penalty Kill - 3 Players Defense
   Defense                  Defense                  Time % Phy DF OF 
 1 Andrej Sustr             Cody Ceci                60     0   5  0  
 2 Jeff Schultz             Dan Biega                40     0   5  0  

4 vs 4 Forward 
   Center                   Wing                     Time % Phy DF OF 
 1 Linden Vey               Tye McGinn               60     0   0  5  
 2 Mark McNeill             Curtis McKenzie          40     0   1  4  

4 vs 4 Defense
   Defense                  Defense                  Time % Phy DF OF 
 1 Andrej Sustr             Cody Ceci                60     0   1  4  
 2 Jeff Schultz             Dan Biega                40     0   2  3  

Last Minutes Offensive
   Center                   Left Wing                Right Wing               Defense                  Defense                  
   Linden Vey               Tye McGinn               Mark McNeill             Andrej Sustr             Jeff Schultz             

Last Minutes Defensive
   Center                   Left Wing                Right Wing               Defense                  Defense                  
   Linden Vey               Charles Sarault          Mark McNeill             Andrej Sustr             Jeff Schultz             

Goaltenders
Starting : Keith Kinkaid            
Backup : Mark Visentin            

Extra Forwards
Normal : Linden Vey, Tye McGinn, Curtis McKenzie - PP : J.C. Lipon, Mark McNeill - PK : Mark McNeill
Extra Defensemen
Normal : Jeff Schultz, Chris Huxley, Dan Biega - PP : Matt Konan - PK : Jeff Schultz, Chris Huxley
Penalty Shots
Linden Vey, Tye McGinn, Curtis McKenzie, Mark McNeill, Carson McMillan

Ice Caps

5 vs 5 Forward 
   Center                   Left Wing                Right Wing               Time % Phy DF OF 
 1 Greg McKegg              Garret Ross              Freddie Hamilton         35     1   2  2  
 2 Colin Smith              Corey Cowick             Daniil Tarasov           30     1   2  2  
 3 Rylan Schwartz           Michael Schumacher       Cody Beach               22     1   2  2  
 4 Riley Wetmore            Travis Ewanyk            Greg McKegg              13     1   2  2  

5 vs 5 Defense 
   Defense                  Defense                                           Time % Phy DF OF 
 1 Oscar Klefbom            Klas Dahlbeck                                     35     1   2  2  
 2 Scott Mayfield           Brandon Davidson                                  30     1   2  2  
 3 Seth Helgeson            Joel Edmundson                                    22     1   2  2  
 4 Luke Witkowski           Oscar Klefbom                                     13     1   2  2  

PowerPlay Forward 
   Center                   Left Wing                Right Wing               Time % Phy DF OF 
 1 Greg McKegg              Garret Ross              Freddie Hamilton         60     1   2  2  
 2 Colin Smith              Corey Cowick             Daniil Tarasov           40     1   2  2  

PowerPlay Defense
   Defense                  Defense                                           Time % Phy DF OF 
 1 Oscar Klefbom            Klas Dahlbeck                                     60     1   2  2  
 2 Scott Mayfield           Brandon Davidson                                  40     1   2  2  

Penalty Kill 4 Players Forward 
   Center                   Wing                     Time % Phy DF OF 
 1 Greg McKegg              Garret Ross              60     1   2  2  
 2 Freddie Hamilton         Daniil Tarasov           40     1   2  2  

Penalty Kill 4 Players Defense
   Defense                  Defense                  Time % Phy DF OF 
 1 Oscar Klefbom            Klas Dahlbeck            60     1   2  2  
 2 Scott Mayfield           Brandon Davidson         40     1   2  2  

Penalty Kill - 3 Players Forward 
   Forward                                           Time % Phy DF OF 
 1 Greg McKegg                                       60     1   2  2  
 2 Garret Ross                                       40     1   2  2  

Penalty Kill - 3 Players Defense
   Defense                  Defense                  Time % Phy DF OF 
 1 Oscar Klefbom            Klas Dahlbeck            60     1   2  2  
 2 Scott Mayfield           Brandon Davidson         40     1   2  2  

4 vs 4 Forward 
   Center                   Wing                     Time % Phy DF OF 
 1 Greg McKegg              Garret Ross              60     1   2  2  
 2 Freddie Hamilton         Daniil Tarasov           40     1   2  2  

4 vs 4 Defense
   Defense                  Defense                  Time % Phy DF OF 
 1 Oscar Klefbom            Klas Dahlbeck            60     1   2  2  
 2 Scott Mayfield           Brandon Davidson         40     1   2  2  

Last Minutes Offensive
   Center                   Left Wing                Right Wing               Defense                  Defense                  
   Greg McKegg              Garret Ross              Freddie Hamilton         Oscar Klefbom            Klas Dahlbeck            

Last Minutes Defensive
   Center                   Left Wing                Right Wing               Defense                  Defense                  
   Greg McKegg              Garret Ross              Freddie Hamilton         Oscar Klefbom            Klas Dahlbeck            

Goaltenders
Starting : Nathan Lieuwen           
Backup : Kristers Gudlevskis      

Extra Forwards
Normal : Rylan Schwartz, Michael Schumacher, Riley Wetmore - PP : Rylan Schwartz, Michael Schumacher - PK : Riley Wetmore
Extra Defensemen
Normal : Seth Helgeson, Joel Edmundson, Luke Witkowski - PP : Seth Helgeson - PK : Joel Edmundson, Luke Witkowski
Penalty Shots
Greg McKegg, Garret Ross, Freddie Hamilton, Daniil Tarasov, Colin Smith

% Time on Ice - Penguins

Lines # - Real PCT - Wanted PCT - Time Play
Normal Forward
1 - 25% - 35% - 11:29
2 - 26% - 30% - 12:18
3 - 27% - 22% - 12:26
4 - 22% - 13% - 10:22
Normal Defense
1 - 33% - 35% - 15:26
2 - 30% - 30% - 14:09
3 - 32% - 22% - 14:53
4 - 5% - 13% - 2:07
PP Forward
1 - 56% - 60% - 3:21
2 - 44% - 40% - 2:36
PP Defense
1 - 47% - 60% - 2:49
2 - 53% - 40% - 3:08
PK Forward
1 - 86% - 60% - 6:26
2 - 14% - 40% - 1:02
PK Defense
1 - 58% - 60% - 4:20
2 - 42% - 40% - 3:08
PK3 Forward
1 - 0% - 60%
2 - 0% - 40%
PK3 Defense
1 - 0% - 60%
2 - 0% - 40%
44 Forward
1 - 100% - 60% - 0:14
2 - 0% - 40% - 0:00
44 Defense
1 - 100% - 60% - 0:14
2 - 0% - 40% - 0:00
Last Minute Offensive  - 0:00
Last Minute Defensive  - 0:00
Total
Forward - 60:14
Defense - 60:14

% Time on Ice - Ice Caps

Lines # - Real PCT - Wanted PCT - Time Play
Normal Forward
1 - 30% - 35% - 13:58
2 - 26% - 30% - 12:00
3 - 27% - 22% - 12:35
4 - 17% - 13% - 8:02
Normal Defense
1 - 26% - 35% - 12:08
2 - 31% - 30% - 14:36
3 - 32% - 22% - 14:56
4 - 11% - 13% - 4:55
PP Forward
1 - 48% - 60% - 3:33
2 - 52% - 40% - 3:55
PP Defense
1 - 64% - 60% - 4:45
2 - 36% - 40% - 2:43
PK Forward
1 - 78% - 60% - 4:40
2 - 22% - 40% - 1:17
PK Defense
1 - 76% - 60% - 4:30
2 - 24% - 40% - 1:27
PK3 Forward
1 - 0% - 60%
2 - 0% - 40%
PK3 Defense
1 - 0% - 60%
2 - 0% - 40%
44 Forward
1 - 100% - 60% - 0:14
2 - 0% - 40% - 0:00
44 Defense
1 - 100% - 60% - 0:14
2 - 0% - 40% - 0:00
Last Minute Offensive  - 0:00
Last Minute Defensive  - 0:00
Total
Forward - 60:14
Defense - 60:14

Play by Play

1st period


0:01 of 1st period - Greg McKegg wins face-off versus Linden Vey in neutral zone.
1:29 of 1st period - Wrist shot by Daniil Tarasov.
1:29 of 1st period - Stopped by Keith Kinkaid with a rebound.
1:31 of 1st period - Slapshot by Scott Mayfield.
1:31 of 1st period - Stopped by Keith Kinkaid without a rebound.
1:32 of 1st period - Rylan Schwartz wins face-off versus Carson McMillan in Penguins zone.
1:53 of 1st period - Carson McMillan is hit by Cody Beach and loses puck.
2:29 of 1st period - Hunter Bishop is hit by Riley Wetmore and loses puck.
2:40 of 1st period - Slapshot by Oscar Klefbom.
2:40 of 1st period - Deflect By Riley Wetmore.
2:40 of 1st period - Stopped by Keith Kinkaid with a rebound.
2:42 of 1st period - Slapshot by Oscar Klefbom.
2:42 of 1st period - Shot Misses the Net.
2:46 of 1st period - Wrist shot by Greg McKegg.
2:46 of 1st period - Shot Blocked by Cody Ceci.
3:08 of 1st period - Snap shot by Daniil Tarasov.
3:08 of 1st period - Shot Misses the Net.
3:47 of 1st period - Slapshot by Freddie Hamilton.
3:47 of 1st period - Shot Misses the Net.
3:49 of 1st period - Wrist shot by Freddie Hamilton.
3:49 of 1st period - Shot Blocked by Andrej Sustr.
3:51 of 1st period - Slapshot by Scott Mayfield.
3:51 of 1st period - Shot Misses the Net.
4:28 of 1st period - Backhand shot by Tye McGinn.
4:28 of 1st period - Stopped by Nathan Lieuwen with a rebound.
4:30 of 1st period - Slapshot by Dan Biega.
4:30 of 1st period - Deflect By Michael Schumacher.
4:30 of 1st period - Stopped by Nathan Lieuwen with a rebound.
4:32 of 1st period - Slapshot by Dan Biega.
4:32 of 1st period - Stopped by Nathan Lieuwen with a rebound.
4:34 of 1st period - Wrist shot by Curtis McKenzie.
4:34 of 1st period - Shot Blocked by Michael Schumacher.
4:36 of 1st period - Slapshot by Curtis McKenzie.
4:36 of 1st period - Stopped by Nathan Lieuwen without a rebound.
4:37 of 1st period - Colin Smith wins face-off versus Mark McNeill in Ice Caps zone.
4:37 of 1st period - Colin Smith is hit by J.C. Lipon.
4:55 of 1st period - Wrist shot by Mark McNeill.
4:55 of 1st period - Shot Misses the Net.
4:57 of 1st period - Slapshot by J.C. Lipon.
4:57 of 1st period - Stopped by Nathan Lieuwen with a rebound.
4:59 of 1st period - Snap shot by Mark McNeill.
4:59 of 1st period - Deflect By J.C. Lipon.
4:59 of 1st period - Stopped by Nathan Lieuwen without a rebound.
5:00 of 1st period - Garret Ross wins face-off versus Dustin Gazley in Ice Caps zone.
5:15 of 1st period - Backhand shot by Justin Vaive.
5:15 of 1st period - Shot Blocked by Freddie Hamilton.
5:17 of 1st period - Snap shot by Dustin Gazley.
5:17 of 1st period - Stopped by Nathan Lieuwen with a rebound.
5:19 of 1st period - Snap shot by Dustin Gazley.
5:19 of 1st period - Stopped by Nathan Lieuwen without a rebound.
5:20 of 1st period - Carson McMillan wins face-off versus Greg McKegg in Ice Caps zone.
5:23 of 1st period - Wrist shot by Carson McMillan.
5:23 of 1st period - Shot Blocked by Joel Edmundson.
5:25 of 1st period - Wrist shot by Dan Biega.
5:25 of 1st period - Stopped by Nathan Lieuwen with a rebound.
5:27 of 1st period - Slapshot by Justin Vaive.
5:27 of 1st period - Shot Misses the Net.
5:31 of 1st period - Snap shot by Jeff Schultz.
5:31 of 1st period - Stopped by Nathan Lieuwen with a rebound.
5:33 of 1st period - Snap shot by Carson McMillan.
5:33 of 1st period - Stopped by Nathan Lieuwen with a rebound.
5:35 of 1st period - Slapshot by Jeff Schultz.
5:35 of 1st period - Deflect By Carson McMillan.
5:35 of 1st period - Stopped by Nathan Lieuwen with a rebound.
5:37 of 1st period - Slapshot by Dan Biega.
5:37 of 1st period - Deflect By Dustin Gazley.
5:37 of 1st period - Shot Blocked by Joel Edmundson.
5:37 of 1st period - Puck is out of play.
5:38 of 1st period - Colin Smith wins face-off versus Linden Vey in Ice Caps zone.
5:47 of 1st period - Slapshot by Oscar Klefbom.
5:47 of 1st period - Shot Misses the Net.
5:49 of 1st period - Minor Penalty to Linden Vey for Hooking.
5:50 of 1st period - Colin Smith wins face-off versus Mark McNeill in Penguins zone.
6:03 of 1st period - Slapshot by Andrej Sustr.
6:03 of 1st period - Shot Misses the Net.
6:44 of 1st period - Oscar Klefbom is hit by Charles Sarault and loses puck.
7:49 of 1st period - Penalty to Linden Vey is over, Linden Vey is back on ice.
8:10 of 1st period - Wrist shot by Tye McGinn.
8:10 of 1st period - Shot Misses the Net.
8:53 of 1st period - Wrist shot by Cody Beach.
8:53 of 1st period - Deflect By Cody Ceci.
8:53 of 1st period - Shot Blocked by Cody Ceci.
8:53 of 1st period - Puck is out of play.
8:54 of 1st period - Colin Smith wins face-off versus Carson McMillan in Penguins zone.
9:05 of 1st period - Snap shot by Colin Smith.
9:05 of 1st period - Stopped by Keith Kinkaid with a rebound.
9:11 of 1st period - Snap shot by Daniil Tarasov.
9:11 of 1st period - Stopped by Keith Kinkaid with a rebound.
9:39 of 1st period - Wrist shot by Greg McKegg.
9:39 of 1st period - Stopped by Keith Kinkaid without a rebound.
9:40 of 1st period - Mark McNeill wins face-off versus Riley Wetmore in Penguins zone.
9:45 of 1st period - Klas Dahlbeck is hit by Mark McNeill and loses puck.
10:25 of 1st period - Cody Ceci is hit by Cody Beach.
10:49 of 1st period - Andrej Sustr is hit by Klas Dahlbeck and loses puck.
12:19 of 1st period - Snap shot by Riley Wetmore.
12:19 of 1st period - Shot Blocked by Jeff Schultz.
12:27 of 1st period - Scott Mayfield is hit by Jeff Schultz and loses puck.
14:03 of 1st period - Michael Schumacher is hit by Dustin Gazley and loses puck.
15:20 of 1st period - Wrist shot by Daniil Tarasov.
15:20 of 1st period - Shot Misses the Net.
15:47 of 1st period - Icing by Jeff Schultz.
15:48 of 1st period - Linden Vey wins face-off versus Rylan Schwartz in Penguins zone.
15:48 of 1st period - Linden Vey is hit by Michael Schumacher.
16:07 of 1st period - Snap shot by Tye McGinn.
16:07 of 1st period - Goal by Tye McGinn - Penguins : 1 - Ice Caps : 0.
16:08 of 1st period - Mark McNeill wins face-off versus Riley Wetmore in neutral zone.
16:53 of 1st period - Colin Smith is hit by J.C. Lipon and loses puck.
17:08 of 1st period - Icing by Cody Ceci.
17:09 of 1st period - Rylan Schwartz wins face-off versus Carson McMillan in Penguins zone.
17:10 of 1st period - Backhand shot by Michael Schumacher.
17:10 of 1st period - Stopped by Keith Kinkaid with a rebound.
17:36 of 1st period - Wrist shot by Michael Schumacher.
17:36 of 1st period - Shot Misses the Net.
17:46 of 1st period - Wrist shot by Cody Ceci.
17:46 of 1st period - Shot Misses the Net.
18:35 of 1st period - Snap shot by Linden Vey.
18:35 of 1st period - Shot Misses the Net.
18:37 of 1st period - Wrist shot by Jeff Schultz.
18:37 of 1st period - Stopped by Nathan Lieuwen without a rebound.
18:38 of 1st period - Charles Sarault wins face-off versus Rylan Schwartz in Ice Caps zone.
18:47 of 1st period - Snap shot by Michael Schumacher.
18:47 of 1st period - Stopped by Keith Kinkaid with a rebound.
18:49 of 1st period - Wrist shot by Rylan Schwartz.
18:49 of 1st period - Shot Misses the Net.
18:51 of 1st period - Snap shot by Rylan Schwartz.
18:51 of 1st period - Stopped by Keith Kinkaid without a rebound.
18:52 of 1st period - Mark McNeill wins face-off versus Greg McKegg in Penguins zone.
18:54 of 1st period - Minor Penalty to J.C. Lipon for Holding.
18:55 of 1st period - Linden Vey wins face-off versus Garret Ross in Penguins zone.
18:59 of 1st period - Garret Ross is hit by Andrej Sustr and loses puck.
19:16 of 1st period - Snap shot by Oscar Klefbom.
19:16 of 1st period - Shot Misses the Net.
19:34 of 1st period - Charles Sarault is hit by Corey Cowick and loses puck.
19:56 of 1st period - Dan Biega is hit by Daniil Tarasov and loses puck.
Goals for this period are 1 for Penguins vs 0 for Ice Caps.
Shots for this period are 14 for Penguins vs 9 for Ice Caps.

2nd period


0:01 of 2nd period - Linden Vey wins face-off versus Greg McKegg in neutral zone.
0:25 of 2nd period - Slapshot by Oscar Klefbom.
0:25 of 2nd period - Deflect By Freddie Hamilton.
0:25 of 2nd period - Goal by Freddie Hamilton - Penguins : 1 - Ice Caps : 1.
0:26 of 2nd period - Corey Cowick wins face-off versus Mark McNeill in neutral zone.
1:37 of 2nd period - Greg McKegg is hit by Curtis McKenzie and loses puck.
1:55 of 2nd period - Minor Penalty to Justin Vaive for Roughing.
1:56 of 2nd period - Colin Smith wins face-off versus Linden Vey in Penguins zone.
2:03 of 2nd period - Wrist shot by Corey Cowick.
2:03 of 2nd period - Shot Blocked by Dan Biega.
2:47 of 2nd period - Linden Vey is hit by Freddie Hamilton and loses puck.
3:12 of 2nd period - Wrist shot by Andrej Sustr.
3:12 of 2nd period - Stopped by Nathan Lieuwen without a rebound.
3:13 of 2nd period - Colin Smith wins face-off versus Mark McNeill in Ice Caps zone.
3:55 of 2nd period - Penalty to Justin Vaive is over, Justin Vaive is back on ice.
3:56 of 2nd period - Wrist shot by Freddie Hamilton.
3:56 of 2nd period - Shot Blocked by Andrej Sustr.
4:14 of 2nd period - Slapshot by Jeff Schultz.
4:14 of 2nd period - Stopped by Nathan Lieuwen with a rebound.
4:22 of 2nd period - Slapshot by Jeff Schultz.
4:22 of 2nd period - Stopped by Nathan Lieuwen without a rebound.
4:23 of 2nd period - Carson McMillan wins face-off versus Riley Wetmore in Ice Caps zone.
5:09 of 2nd period - Wrist shot by Mark McNeill.
5:09 of 2nd period - Stopped by Nathan Lieuwen with a rebound.
5:11 of 2nd period - Snap shot by J.C. Lipon.
5:11 of 2nd period - Shot Misses the Net.
5:13 of 2nd period - Snap shot by Matt Konan.
5:13 of 2nd period - Shot Blocked by Joel Edmundson.
5:39 of 2nd period - Off-side.
5:40 of 2nd period - Hunter Bishop wins face-off versus Colin Smith in neutral zone.
5:43 of 2nd period - Snap shot by Jeff Schultz.
5:43 of 2nd period - Shot Misses the Net.
5:45 of 2nd period - Wrist shot by Dan Biega.
5:45 of 2nd period - Stopped by Nathan Lieuwen with a rebound.
5:47 of 2nd period - Wrist shot by Jeff Schultz.
5:47 of 2nd period - Shot Misses the Net.
5:49 of 2nd period - Slapshot by Dan Biega.
5:49 of 2nd period - Shot Blocked by Scott Mayfield.
5:51 of 2nd period - Slapshot by Dan Biega.
5:51 of 2nd period - Stopped by Nathan Lieuwen with a rebound.
5:53 of 2nd period - Slapshot by Jeff Schultz.
5:53 of 2nd period - Stopped by Nathan Lieuwen with a rebound.
5:55 of 2nd period - Snap shot by Hunter Bishop.
5:55 of 2nd period - Stopped by Nathan Lieuwen with a rebound.
5:57 of 2nd period - Slapshot by Jeff Schultz.
5:57 of 2nd period - Shot Misses the Net.
6:04 of 2nd period - Icing by Brandon Davidson.
6:05 of 2nd period - Colin Smith wins face-off versus Carson McMillan in Ice Caps zone.
7:12 of 2nd period - Snap shot by Mark McNeill.
7:12 of 2nd period - Deflect By Philippe Cornet.
7:12 of 2nd period - Stopped by Nathan Lieuwen with a rebound.
8:05 of 2nd period - Minor Penalty to Cody Beach for Hooking.
8:06 of 2nd period - Mark McNeill wins face-off versus Garret Ross in Ice Caps zone.
8:08 of 2nd period - Snap shot by Philippe Cornet.
8:08 of 2nd period - Stopped by Nathan Lieuwen with a rebound.
8:10 of 2nd period - Slapshot by Andrej Sustr.
8:10 of 2nd period - Deflect By Philippe Cornet.
8:10 of 2nd period - Stopped by Nathan Lieuwen with a rebound.
8:22 of 2nd period - Snap shot by Andrej Sustr.
8:22 of 2nd period - Shot Misses the Net.
8:24 of 2nd period - Slapshot by Andrej Sustr.
8:24 of 2nd period - Deflect By Philippe Cornet.
8:24 of 2nd period - Stopped by Nathan Lieuwen without a rebound.
8:25 of 2nd period - J.C. Lipon wins face-off versus Riley Wetmore in Ice Caps zone.
8:30 of 2nd period - Snap shot by Mark McNeill.
8:30 of 2nd period - Shot Misses the Net.
8:32 of 2nd period - Slapshot by Cody Ceci.
8:32 of 2nd period - Stopped by Nathan Lieuwen with a rebound.
8:34 of 2nd period - Backhand shot by Cody Ceci.
8:34 of 2nd period - Stopped by Nathan Lieuwen with a rebound.
8:36 of 2nd period - Slapshot by Mark McNeill.
8:36 of 2nd period - Shot Misses the Net.
8:38 of 2nd period - Slapshot by Cody Ceci.
8:38 of 2nd period - Stopped by Nathan Lieuwen with a rebound.
8:46 of 2nd period - Slapshot by Andrej Sustr.
8:46 of 2nd period - Stopped by Nathan Lieuwen with a rebound.
8:56 of 2nd period - Snap shot by Tye McGinn.
8:56 of 2nd period - Shot Misses the Net.
9:10 of 2nd period - Greg McKegg is hit by Curtis McKenzie and loses puck.
9:21 of 2nd period - Wrist shot by Tye McGinn.
9:21 of 2nd period - Stopped by Nathan Lieuwen with a rebound.
9:23 of 2nd period - Slapshot by Jeff Schultz.
9:23 of 2nd period - Stopped by Nathan Lieuwen without a rebound.
9:24 of 2nd period - Linden Vey wins face-off versus Greg McKegg in Ice Caps zone.
9:53 of 2nd period - Slapshot by J.C. Lipon.
9:53 of 2nd period - Shot Blocked by Corey Cowick.
9:55 of 2nd period - Snap shot by Mark McNeill.
9:55 of 2nd period - Shot Misses the Net.
9:57 of 2nd period - Snap shot by Dan Biega.
9:57 of 2nd period - Stopped by Nathan Lieuwen with a rebound.
9:59 of 2nd period - Wrist shot by Mark McNeill.
9:59 of 2nd period - Shot Misses the Net.
10:01 of 2nd period - Wrist shot by Philippe Cornet.
10:01 of 2nd period - Shot Blocked by Corey Cowick.
10:05 of 2nd period - Penalty to Cody Beach is over, Cody Beach is back on ice.
10:05 of 2nd period - Snap shot by Mark McNeill.
10:05 of 2nd period - Stopped by Nathan Lieuwen without a rebound.
10:06 of 2nd period - Mark McNeill wins face-off versus Rylan Schwartz in Ice Caps zone.
10:23 of 2nd period - Slapshot by Michael Schumacher.
10:23 of 2nd period - Shot Misses the Net.
10:25 of 2nd period - Slapshot by Seth Helgeson.
10:25 of 2nd period - Shot Blocked by Mark McNeill.
10:27 of 2nd period - Snap shot by Rylan Schwartz.
10:27 of 2nd period - Shot Misses the Net.
10:29 of 2nd period - Wrist shot by Joel Edmundson.
10:29 of 2nd period - Shot Blocked by Mark McNeill.
10:57 of 2nd period - Minor Penalty to Seth Helgeson for Hooking.
10:58 of 2nd period - Curtis McKenzie wins face-off versus Greg McKegg in Ice Caps zone.
11:53 of 2nd period - Cody Ceci is hit by Freddie Hamilton and loses puck.
12:47 of 2nd period - Oscar Klefbom is hit by J.C. Lipon and loses puck.
12:56 of 2nd period - Wrist shot by Corey Cowick.
12:56 of 2nd period - Stopped by Keith Kinkaid with a rebound.
12:57 of 2nd period - Penalty to Seth Helgeson is over, Seth Helgeson is back on ice.
13:16 of 2nd period - Riley Wetmore is hit by Carson McMillan and loses puck.
13:51 of 2nd period - Corey Cowick is hit by Hunter Bishop and loses puck.
13:58 of 2nd period - Slapshot by Cody Ceci.
13:58 of 2nd period - Shot Blocked by Brandon Davidson.
14:00 of 2nd period - Snap shot by Hunter Bishop.
14:00 of 2nd period - Stopped by Nathan Lieuwen without a rebound.
14:01 of 2nd period - Charles Sarault wins face-off versus Rylan Schwartz in Ice Caps zone.
14:36 of 2nd period - Icing by Rylan Schwartz.
14:37 of 2nd period - Carson McMillan wins face-off versus Rylan Schwartz in Ice Caps zone.
15:17 of 2nd period - Scott Mayfield is hit by Curtis McKenzie and loses puck.
16:23 of 2nd period - Wrist shot by Trevor Parkes.
16:23 of 2nd period - Stopped by Nathan Lieuwen with a rebound.
17:31 of 2nd period - Michael Schumacher is hit by Justin Vaive and loses puck.
17:56 of 2nd period - Wrist shot by Linden Vey.
17:56 of 2nd period - Shot Blocked by Michael Schumacher.
17:58 of 2nd period - Slapshot by Jeff Schultz.
17:58 of 2nd period - Deflect By Michael Schumacher.
17:58 of 2nd period - Stopped by Nathan Lieuwen without a rebound.
17:59 of 2nd period - Riley Wetmore wins face-off versus Linden Vey in Ice Caps zone.
18:22 of 2nd period - Wrist shot by Linden Vey.
18:22 of 2nd period - Shot Misses the Net.
19:16 of 2nd period - Wrist shot by Michael Schumacher.
19:16 of 2nd period - Deflect By Cody Beach.
19:16 of 2nd period - Shot Misses the Net.
19:16 of 2nd period - Puck is out of play.
19:17 of 2nd period - Rylan Schwartz wins face-off versus Carson McMillan in Penguins zone.
19:20 of 2nd period - Snap shot by Michael Schumacher.
19:20 of 2nd period - Shot Misses the Net.
Goals for this period are 0 for Penguins vs 1 for Ice Caps.
Shots for this period are 23 for Penguins vs 2 for Ice Caps.

3rd period


0:01 of 3rd period - Linden Vey wins face-off versus Greg McKegg in neutral zone.
0:37 of 3rd period - Wrist shot by Tye McGinn.
0:37 of 3rd period - Shot Misses the Net.
1:02 of 3rd period - Colin Smith is hit by J.C. Lipon.
1:14 of 3rd period - Corey Cowick is hit by Mark McNeill and loses puck.
1:46 of 3rd period - Snap shot by Justin Vaive.
1:46 of 3rd period - Shot Misses the Net.
4:26 of 3rd period - Slapshot by Daniil Tarasov.
4:26 of 3rd period - Shot Misses the Net.
4:28 of 3rd period - Wrist shot by Daniil Tarasov.
4:28 of 3rd period - Stopped by Keith Kinkaid with a rebound.
4:30 of 3rd period - Slapshot by Oscar Klefbom.
4:30 of 3rd period - Shot Blocked by Andrej Sustr.
4:32 of 3rd period - Slapshot by Oscar Klefbom.
4:32 of 3rd period - Stopped by Keith Kinkaid without a rebound.
4:33 of 3rd period - Greg McKegg wins face-off versus Charles Sarault in Penguins zone.
5:03 of 3rd period - Minor Penalty to Freddie Hamilton for Hooking.
5:04 of 3rd period - Linden Vey wins face-off versus Riley Wetmore in Ice Caps zone.
7:03 of 3rd period - Penalty to Freddie Hamilton is over, Freddie Hamilton is back on ice.
7:30 of 3rd period - Carson McMillan is hit by Rylan Schwartz and loses puck.
8:53 of 3rd period - Andrej Sustr is hit by Daniil Tarasov.
10:55 of 3rd period - Slapshot by Oscar Klefbom.
10:55 of 3rd period - Stopped by Keith Kinkaid with a rebound.
10:57 of 3rd period - Slapshot by Oscar Klefbom.
10:57 of 3rd period - Shot Misses the Net.
10:59 of 3rd period - Slapshot by Luke Witkowski.
10:59 of 3rd period - Stopped by Keith Kinkaid with a rebound.
11:09 of 3rd period - Daniil Tarasov is hit by Charles Sarault and loses puck.
11:57 of 3rd period - Philippe Cornet is hit by Freddie Hamilton and loses puck.
13:07 of 3rd period - Oscar Klefbom is hit by Tye McGinn and loses puck.
14:24 of 3rd period - Wrist shot by Colin Smith.
14:24 of 3rd period - Stopped by Keith Kinkaid with a rebound.
14:52 of 3rd period - Slapshot by Oscar Klefbom.
14:52 of 3rd period - Shot Misses the Net.
14:54 of 3rd period - Slapshot by Oscar Klefbom.
14:54 of 3rd period - Shot Misses the Net.
14:56 of 3rd period - Snap shot by Freddie Hamilton.
14:56 of 3rd period - Stopped by Keith Kinkaid with a rebound.
15:18 of 3rd period - Slapshot by Riley Wetmore.
15:18 of 3rd period - Shot Blocked by Jeff Schultz.
15:22 of 3rd period - Wrist shot by Greg McKegg.
15:22 of 3rd period - Shot Blocked by Justin Vaive.
15:24 of 3rd period - Snap shot by Greg McKegg.
15:24 of 3rd period - Stopped by Keith Kinkaid with a rebound.
16:13 of 3rd period - Rylan Schwartz is hit by Cody Ceci and loses puck.
16:30 of 3rd period - Snap shot by Mark McNeill.
16:30 of 3rd period - Stopped by Nathan Lieuwen with a rebound.
16:36 of 3rd period - Snap shot by Oscar Klefbom.
16:36 of 3rd period - Shot Blocked by Chris Huxley.
16:38 of 3rd period - Slapshot by Klas Dahlbeck.
16:38 of 3rd period - Deflect By Daniil Tarasov.
16:38 of 3rd period - Shot Blocked by Chris Huxley.
16:38 of 3rd period - Puck is out of play.
16:39 of 3rd period - Linden Vey wins face-off versus Daniil Tarasov in Penguins zone.
16:39 of 3rd period - Linden Vey is hit by Oscar Klefbom.
17:37 of 3rd period - Minor Penalty to Hunter Bishop for Hooking.
17:38 of 3rd period - Corey Cowick wins face-off versus Linden Vey in Penguins zone.
18:52 of 3rd period - Wrist shot by Mark McNeill.
18:52 of 3rd period - Shot Misses the Net.
19:08 of 3rd period - Jeff Schultz is hit by Scott Mayfield and loses puck.
19:21 of 3rd period - Brandon Davidson is hit by Philippe Cornet and loses puck.
19:37 of 3rd period - Penalty to Hunter Bishop is over, Hunter Bishop is back on ice.
19:38 of 3rd period - Mark McNeill is hit by Rylan Schwartz and loses puck.
Goals for this period are 0 for Penguins vs 0 for Ice Caps.
Shots for this period are 1 for Penguins vs 7 for Ice Caps.

Overtime #1


0:01 of 1st overtime period - Garret Ross wins face-off versus Linden Vey in neutral zone.
0:04 of 1st overtime period - Slapshot by Oscar Klefbom.
0:04 of 1st overtime period - Shot Blocked by Cody Ceci.
0:12 of 1st overtime period - Snap shot by Tye McGinn.
0:12 of 1st overtime period - Shot Misses the Net.
0:14 of 1st overtime period - Slapshot by Cody Ceci.
0:14 of 1st overtime period - Goal by Cody Ceci - Penguins : 2 - Ice Caps : 1.
Goals for this period are 1 for Penguins vs 0 for Ice Caps.
Shots for this period are 1 for Penguins vs 0 for Ice Caps.


Output by the SimonT Hockey Simulator (STHS) for Eric Dolegowski -- Original Page W3C XHTML 1.0 Valid
Hockey Simulator - Hockey Simulation - Hockey Manager